 Dungeon Crawl Stone Soup version 0.32-a0-19-g28bc0835a1 (webtiles) character file.

Game seed: 1935906095236803719

122 Morbidden the Changeling (level 4, 0/41 HPs)
             Began as a Troll Shapeshifter on Jan 17, 2024.
             Slain by a jackal (1 damage)
             ... while paralysed by Grinder
             ... on level 3 of the Dungeon.
             The game lasted 00:02:26 (2151 turns).

Morbidden the Changeling (Troll Shapeshifter)       Turns: 2151, Time: 00:02:27

Health: 0/41       AC:  4    Str: 24    XL:     4   Next: 78%
Magic:  17/17      EV:  1    Int:  6    God:
Gold:   162        SH:  0    Dex:  9    Spells: 2/4 levels left

rFire   + .          .
                       - Unarmed
rCold   . . .        (no shield)
rNeg    . . .        a - +0 animal skin
rPois   .            (helmet currently unavailable)
rElec   .            (cloak currently unavailable)
rCorr   .            (gloves unavailable)
SInv    .            (boots unavailable)
Will    .....        p
                       - Hermit's Pendant {Faith Invo=14 Evo=0 MP+5}
Stlth   +            i - ring of protection from fire
HPRegen 1.06/turn    (no ring)
MPRegen 0.15/turn

%: faith
@: paralysed, beast-form
A: beast (slay +2), large, unfitting armour, claws 3, regeneration 1, shaggy fur
1, tough skin 1
a: Begin Untransformation


You were on level 3 of the Dungeon.
You were a hulking beast.
You visited 1 branch of the dungeon, and saw 4 of its levels.

You collected 162 gold pieces.

Inventory:

Hand Weapons
 n - the +8 hand axe of Causality {flame, Dex+3}
   (You found it on level 2 of the Dungeon)

   Dex+3:     It affects your dexterity (+3).
Missiles
 k - 9 poisoned darts (quivered)
 l - 18 stones
Armour
 a - a +0 animal skin (worn)
 q - a +0 cloak
Jewellery
 i - a ring of protection from fire (left claw)
 p - the Hermit's Pendant (around neck) {Faith Invo=14 Evo=0 MP+5}
   (You found it on level 2 of the Dungeon)

   [amulet of faith]

   Invo=14: It sets your Invocations skill to 14.
   Evo=0: It sets your Evocations skill to 0.
   Faith:     It allows you to gain divine favour quickly.
   MP+5:      It affects your magic capacity (+5).
Talismans
 c - a beast talisman
 d - a flux talisman
Wands
 s - a wand of digging (5)
Scrolls
 e - a scroll of poison {unknown}
 f - 2 scrolls of fog {unknown}
 j - 2 scrolls of blinking {unknown}
 m - a scroll of vulnerability {unknown}
 r - a scroll of identify {unknown}
 t - a scroll of silence {unknown}
Potions
 b - 2 potions of lignification
 g - 2 potions of magic {unknown}
 h - a potion of resistance {unknown}
 o - a potion of curing {unknown}


   Skills:
 * Level 1.5 Fighting
 * Level 0.9 Throwing
 * Level 2.1 Dodging
 + Level 0.1 Stealth
 + Level 3.5 Unarmed Combat
 * Level 0.6 Spellcasting
 * Level 0.2 Summonings
 * Level 3.6 Shapeshifting


You had 2 spell levels left.
You knew the following spells:

 Your Spells              Type           Power      Damage    Failure   Level
a - Call Imp              Summ           0%         N/A       54%         2

Your spell library contained the following spells:

 Spells                   Type           Power      Damage    Failure   Level
 Sublimation of Blood     Necr           0%         N/A       58%         2
 Summon Hydra             Summ           0%         N/A       100%        7


Dungeon Overview and Level Annotations

Branches:
Dungeon (4/15)
 Temple: D:4-7

Altars:
Kikubaaqudgha

Annotations:
D:3 Grinder


Innate Abilities, Weirdness & Mutations

You are a hulking beast.
Your limbs bulge with bestial killing power. (Slay +2)
You are too large for most types of armour.
You have claws for hands.
Your natural rate of healing is unusually fast.
You are covered in fur. (AC +1)
You have tough skin. (AC +1)


Message History

The orc wizard flickers and vanishes!
Deactivating autopickup; reactivate with Ctrl-A.
The jackal closely misses you. The jackal bites you.
Unknown command.
The jackal barely misses you. Grinder hits you!
You writhe in agony.
The jackal bites you.
The jackal bites you but does no damage.
The jackal bites you.
You climb upwards.
Reactivating autopickup.
There is a stone staircase leading down here.
Unknown command.
Unknown command.
You are too injured to fight recklessly!
You scratch Grinder.
Grinder is heavily wounded.
The jackal barely misses you. The jackal closely misses you.
Grinder says, "Wait up."
Grinder closely misses you. The jackal completely misses you.
You claw Grinder!
Grinder is severely wounded.
The jackal bites you but does no damage.
The jackal closely misses you. The jackal bites you. Grinder gestures at you.
You suddenly lose the ability to move!
The jackal bites you but does no damage. x2
The jackal bites you. Grinder hits you.
You writhe in agony.
* * * LOW HITPOINT WARNING * * *
The jackal bites you but does no damage. x2
The jackal bites you.
* * * LOW HITPOINT WARNING * * *
The jackal bites you but does no damage. x2
Grinder hits you.
* * * LOW HITPOINT WARNING * * *
You writhe in agony.
* * * LOW HITPOINT WARNING * * *
The jackal bites you.
* * * LOW HITPOINT WARNING * * *
The jackal bites you.
You die...

#.......# #.....# #........
####.##.# #.....# #........
#..#.###.....######........
###......#.........#........
#..................#.#######
#.#####.....[......#.###⌠###
###.# ###..........#.##)..##
#...## ##h.####...###8...8#
###..# ###hh# ###...##...##
#>.# #.>h5## ###.##...##
##.#####.#...## #.##...##
#...##..#....## #.#8...8#
#......##..#..## #.##...##
#..##..###..#..#######...##
#..#..............# ##...##
##†#.#####.###....###8...8#
#.#.# #.# #.#....##...##


You could see Grinder and 3 jackals.

Vanquished Creatures
  A hound (D:3)
  3 adders (D:2)
  3 dart slugs
  A ribbon worm (D:3)
  An orc (D:3)
  4 endoplasms
  3 giant cockroaches
  5 goblins
  3 hobgoblins
  4 jackals
  2 quokkas (D:2)
  6 ball pythons
  8 bats
  4 frilled lizards
  5 kobolds
  6 rats
59 creatures vanquished.

Notes
Turn   | Place    | Note
-------+----------+-------------------------------------------
     0 | D:1      | Morbidden the Troll Shapeshifter began the quest for the
                  | Orb.
     0 | D:1      | Reached XP level 1. HP: 18/18 MP: 0/0
   188 | D:1      | Reached XP level 2. HP: 20/26 MP: 1/1
   403 | D:1      | Found a faded altar of an unknown god.
   754 | D:2      | Reached skill level 1 in Fighting
   826 | D:2      | Reached XP level 3. HP: 33/33 MP: 2/2
   829 | D:2      | Learned a level 2 spell: Call Imp
   894 | D:2      | Identified the +8 hand axe of Causality {flame, Dex+3}
  1019 | D:2      | Found the Hermit's Pendant {Faith Invo=14 Evo=0 MP+5}
  1043 | D:2      | Found an ancient bone altar of Kikubaaqudgha.
  1413 | D:2      | Reached XP level 4. HP: 41/41 MP: 12/12
  1864 | D:3      | Identified the +10 long sword of Malum Prohibitum {freeze,
                  | Dex+2}
  2139 | D:4      | Noticed Grinder
  2149 | D:3      | Paralysed by Grinder for 3 turns
  2151 | D:3      | HP: 1/41 [jackal (2)]
  2151 | D:3      | Slain by a jackal

Illustrated notes

Levels and vault maps discovered:
D:1:      heliophobic_arrival_henge, layout_basic,
          ebering_ecumenical_altar_hall, st_stairs_7
D:2:      layout_loops_ring, basic_altar
D:3:      layout_rooms, serial_corexii_hall, corexii_hall_statues_deadend,
          chequers_hall_statues_y
D:4:      layout_rooms, gammafunk_ghost_smash, serial_shops, shop, shop,
          nicolae_take_the_stairs, serial_bayou, serial_bayou_crossing,
          serial_bayou_lake_a, serial_bayou_pond_c, serial_bayou_pond_d,
          uniq_grinder, uniq_eustachio

Skill      XL: |  1  2  3 |
---------------+----------+-----
Fighting       | 1 |  1.5
Dodging        | 2 |  2.1
Throwing       | |  0.9
Stealth        | |  0.1
Unarmed Combat | |  3.5
Spellcasting   | |  0.6
Summonings     | |  0.2
Shapeshifting  | |  3.6

Action                     |  1- 3 |  4- 6 || total
---------------------------+-------+-------++-------
  Melee: Unarmed           |    96 |    46 ||   142
         Punch             |     2 |     1 ||     3
   Stab: Sleeping          |     1 |       ||     1
 Armour: Animal skin       |    60 |    49 ||   109
  Dodge: Dodged            |    43 |    31 ||    74

Table legend: (Time is in decaauts)
 A = Elapsed time spent in this place.
 B = Non-inter-level travel time spent in this place.
 C = Inter-level travel time spent in this place.
 D = Time resting spent in this place.
 E = Time spent auto-exploring this place.
 F = Levels seen in this place.
 G = Mean time per level.
                   A        B        C        D        E       F      G
               +--------+--------+--------+--------+--------+-----+--------+
         Total |   2141 |   1978 |    163 |    100 |   1532 |   4 |  535.2 |
       Dungeon |   2141 |   1978 |    163 |    100 |   1532 |   4 |  535.2 |
               +--------+--------+--------+--------+--------+-----+--------+

Top non-repeatable levels by time:
     D:2: 799 daAuts
     D:1: 698 daAuts
     D:3: 635 daAuts
     D:4: 7 daAuts
